 Dungeon Crawl Stone Soup version 0.29.1-12-g30fa7ad0bf (webtiles) character file.

Game seed: 11206007073641181760

674 mopl the Cleaver (level 7, 0/52 HPs)
             Began as a Barachi Monk on Dec 16, 2022.
             Slain by a gnoll
             ... wielding a +0 halberd
             ... led by a gnoll bouda
              (8 damage)
             ... on level 5 of the Dungeon.
             The game lasted 00:04:35 (4262 turns).

mopl the Cleaver (Barachi Monk)                     Turns: 4262, Time: 00:04:35

Health: 0/52       AC: 11    Str: 15    XL:     7   Next: 59%
Magic:  7/7        EV:  4    Int: 10    God:
Gold:   194        SH:  5    Dex: 14    Spells: 6/6 levels left

rFire   . . .      SeeInvis .   j - +1 war axe
rCold   . . .      Faith    .   (no shield)
rNeg    . . .      Spirit   .   n - +0 plate armour
rPois   .          Reflect  +   u - +0 hat
rElec   .          Harm     .   (no cloak)
rCorr   .          Rampage  .   (no gloves)
Will    .....                   x - +0 pair of boots
Stlth   ..........              w - amulet of reflection
HPRegen 0.17/turn               (no ring)
MPRegen 0.10/turn               (no ring)

@: slow
A: amphibious, slowness 1, strong legs 1, +LOS
a: Hop


You were on level 5 of the Dungeon.
You visited 1 branch of the dungeon, and saw 5 of its levels.

You collected 194 gold pieces.

Inventory:

Hand Weapons
 j - a +1 war axe (weapon)
Missiles
 g - 7 boomerangs
 q - 2 poisoned darts
 t - 2 javelins
Armour
 n - a +0 plate armour (worn)
 u - a +0 hat (worn)
 x - a +0 pair of boots (worn)
Jewellery
 e - a ring of fire
 w - an amulet of reflection (around neck)
Wands
 s - a wand of digging (8)
Scrolls
 b - 2 scrolls of enchant weapon
 d - a scroll of vulnerability {unknown}
 h - 3 scrolls of immolation
 l - a scroll of teleportation {unknown}
 r - a scroll of enchant armour {unknown}
 y - a scroll of poison {unknown}
Potions
 a - a potion of heal wounds
 c - a potion of ambrosia
 i - 4 potions of curing {unknown}
 k - a potion of flight {unknown}
 m - 2 potions of might {unknown}
 o - a potion of lignification {unknown}
 p - a potion of resistance {unknown}
 v - a potion of berserk rage {unknown}
 z - a potion of mutation {unknown}
Miscellaneous
 B - a condenser vane


   Skills:
 - Level 3.6 Fighting
 + Level 9.1 Axes
 - Level 3.2 Dodging
 - Level 1.7 Stealth
 + Level 2.0 Evocations


You had 6 spell levels left.
You didn't know any spells.
Your spell library contained the following spells:

 Spells                   Type           Power      Damage    Failure   Level
 Summon Small Mammal      Summ           0%         N/A       100%        1
 Ensorcelled Hibernation  Hex/Ice        0%         N/A       100%        2
 Passwall                 Tmut/Erth      0%         N/A       100%        2
 Call Canine Familiar     Summ           0%         N/A       100%        3
 Conjure Flame            Conj/Fire      0%         6-21      100%        3
 Ignite Poison            Fire/Tmut/Pois 0%         N/A       100%        3
 Summon Guardian Golem    Hex/Summ       0%         N/A       100%        3
 Swiftness                Air            0%         N/A       100%        3
 Sticky Flame             Conj/Fire      0%         2d3       100%        4
 Orb of Destruction       Conj           0%         9d5       100%        7
 Spellforged Servitor     Conj/Summ      0%         N/A       100%        7


Dungeon Overview and Level Annotations

Branches:
Dungeon (5/15)             Temple (0/1) D:5

Altars:
Kikubaaqudgha


Innate Abilities, Weirdness & Mutations

You are amphibious.
You cover ground slowly.
You can hop short distances.
You have an extended range of vision and can be seen from far away.


Message History

You block the gnoll's attack.
The gnoll bouda hits you but does no damage.
Unknown command.
You barely miss the gnoll bouda.
The gnoll bouda is heavily wounded.
Your attacks no longer feel as feeble.
The gnoll is no longer moving quickly.
The gnoll hits you from afar with a +0 halberd.
The gnoll bouda barks out a call to the hunt!
The gnoll picks up the pace!
You hit the gnoll bouda.
The gnoll bouda is severely wounded.
The gnoll barely misses you. You block the gnoll bouda's attack.
Unknown command.
You closely miss the gnoll bouda.
The gnoll bouda is severely wounded.
The gnoll closely misses you.
The gnoll bouda hits you but does no damage.
Unknown command.
You slash the gnoll bouda!
You kill the gnoll bouda!
The gnoll hits you from afar with a +0 halberd!
* * * LOW HITPOINT WARNING * * *
Your Evocations skill increases to level 2!
Unknown command.
Found Great Wizards, Vol.
VII.
The gnoll hits you but does no damage.
Things that are here:
a +0 whip; a +0 leather armour You block the gnoll's attack.
The gnoll hits you with a +0 halberd!
* * * LOW HITPOINT WARNING * * *
There is an open door, spattered with blood here.
You see here a +0 flail.
You completely miss the gnoll. The gnoll hits you but does no damage.
You hit the gnoll.
The gnoll is lightly wounded.
The gnoll hits you but does no damage.
You hit the gnoll.
The gnoll is heavily wounded.
The gnoll hits you with a +0 halberd!
You die...

......# #.....##
###....:.## #..####....
.##.........# ........(..
............ ..........
........... #..........
..........####...#.......
........g...#....#.......
###@####..###<......
#..).)#....###...)..
###.###.#...........!.
#..'.'>#.'..##.....##..
#...#.###.##.##......#.<
...>.#.....###..>.#...##.
.... ###+####....####.###
... .....##....# #..## ..
#..........####...#


You could see a gnoll (swift).

Vanquished Creatures
  An ogre (D:4)
  A centaur (D:4)
  2 howler monkeys (D:4)
  2 gnoll boudas
  A hound (D:5)
  Ijyb (D:3)
  Natasha (thrice) (D:3)
  10 gnolls
  8 adders
  2 worms
  5 orcs
  4 ball pythons
  5 bats
  8 endoplasms
  6 giant cockroaches
  7 goblins
  3 hobgoblins
  2 jackals (D:2)
  5 kobolds
  4 quokkas
  3 frilled lizards
  3 rats
86 creatures vanquished.

Notes
Turn   | Place    | Note
-------+----------+-------------------------------------------
     0 | D:1      | mopl the Barachi Monk began the quest for the Orb.
     0 | D:1      | Reached XP level 1. HP: 18/18 MP: 1/1
   175 | D:1      | Reached XP level 2. HP: 17/24 MP: 2/2
   181 | D:1      | Reached skill level 4 in Axes
   944 | D:2      | Reached XP level 3. HP: 28/29 MP: 3/3
  1313 | D:2      | Reached skill level 5 in Axes
  1850 | D:3      | Reached XP level 4. HP: 36/36 MP: 4/4
  2180 | D:3      | Noticed Ijyb
  2206 | D:3      | Killed Ijyb
  2207 | D:3      | Reached skill level 6 in Axes
  2377 | D:3      | Noticed Natasha
  2384 | D:3      | Killed Natasha
  2385 | D:3      | Reached XP level 5. HP: 36/41 MP: 5/5
  2555 | D:3      | Noticed Natasha
  2566 | D:3      | Killed Natasha
  2657 | D:3      | Noticed Natasha
  2663 | D:3      | Killed Natasha
  3030 | D:4      | Reached skill level 7 in Axes
  3383 | D:3      | Reached XP level 6. HP: 47/47 MP: 6/6
  3561 | D:4      | Found an ancient bone altar of Kikubaaqudgha.
  3693 | D:4      | Reached skill level 8 in Axes
  3803 | D:4      | Reached XP level 7. HP: 43/52 MP: 7/7
  4042 | D:5      | Entered Level 5 of the Dungeon
  4067 | D:4      | Reached skill level 1 in Evocations
  4068 | D:4      | Reached skill level 9 in Axes
  4240 | D:5      | Found a staircase to the Ecumenical Temple.
  4258 | D:5      | Reached skill level 2 in Evocations
  4262 | D:5      | Slain by a gnoll

Illustrated notes

Levels and vault maps discovered:
D:1:      scummos_arrival_simple_crosswalls, layout_loops_ring, serial_aquarium,
          aquarium_bridge_long_joined [aquarium_subvault_wall,
          aquarium_subvault_wall, aquarium_subvault_bridge,
          aquarium_subvault_bridge, aquarium_subvault_bridge,
          aquarium_subvault_wall], aquarium_bridge_square
          [aquarium_subvault_window, aquarium_subvault_bridge,
          aquarium_subvault_balcony, aquarium_subvault_wall], aquarium_window_2,
          aquarium_window_corridor_2, aquarium_window_fake, aquarium_view_2c,
          aquarium_view_2c, aquarium_balcony_double_4
D:2:      layout_basic, chequers_serial_rivers_micro_e
D:3:      wander_river, layout_rooms, uniq_natasha, uniq_ijyb
D:4:      minmay_clustersquares, layout_loops_ring, kiku_gazebo_pond_becter
D:5:      gammafunk_steamed_eel, layout_cave_pools,
          minmay_temple_entry_glassed_door, uniq_eustachio

Skill      XL: |  1  2  3  4  5  6  7 |
---------------+----------------------+-----
Axes           | 4 5 6 7 8 9 |  9.1
Evocations     | 2 |  2.0
Fighting       | |  3.6
Dodging        | |  3.2
Stealth        | |  1.7

Action                   |  1- 3 |  4- 6 |  7- 9 || total
-------------------------+-------+-------+-------++-------
Melee: Hand axe          |    52 |       |       ||    52
       War axe           |    46 |   157 |    61 ||   264
       Punch             |     1 |     1 |       ||     2
  Use: Scroll            |       |       |     5 ||     5
 Stab: Sleeping          |     2 |       |       ||     2
Armor: Robe              |    32 |       |       ||    32
       Plate armour      |    23 |    80 |    36 ||   139
Dodge: Dodged            |    63 |    28 |    20 ||   111
Block: Other             |       |    20 |    22 ||    42
       Reflection        |       |       |     1 ||     1
